 Dungeon Crawl Stone Soup version 0.28-a0-503-g83f2989fac (webtiles) character file.

Game seed: 8952661286511931310

30 meatgazer the Skirmisher (level 3, -1/29 HPs)
             Began as a Demonspawn Abyssal Knight on Sept 20, 2021.
             Was a Follower of Lugonu.
             Slain by Terence (4 damage)
             ... on level 2 of the Dungeon.
             The game lasted 00:03:00 (1550 turns).

meatgazer the Skirmisher (DsAK)                     Turns: 1550, Time: 00:03:01

Health: -1/29      AC:  6    Str: 14    XL:     3   Next: 3%
Magic:  5/5        EV: 13    Int: 11    God:    Lugonu [*.....]
Gold:   54         SH:  0    Dex: 13    Spells: 2/2 levels left

rFire   . . .      SeeInvis .   a - +1 spear
rCold   . . .      Faith    .   (no shield)
rNeg    . . .      Spirit   .   b - +0 leather armour
rPois   +          Reflect  .   (no helmet)
rElec   .          Harm     .   (no cloak)
rCorr   .          Rampage  .   f - +2 pair of gloves
Will    .....                   (no boots)
Stlth   +.........              (no amulet)
HPRegen 0.09/turn               c - ring of poison resistance
MPRegen 0.18/turn               e - ring of flight

@: flying
A: repulsion field 1, magic regeneration
a: Renounce Religion, Depart the Abyss


You were on level 2 of the Dungeon.
You worshipped Lugonu.
Lugonu was aware of your devotion.
You visited 1 branch of the dungeon, and saw 2 of its levels.
You visited the Abyss 1 time.

You collected 54 gold pieces.

Inventory:

Hand Weapons
 a - a +1 spear (weapon)
Armour
 b - a +0 leather armour (worn)
 f - a +2 pair of gloves (worn)
Jewellery
 c - a ring of poison resistance (left hand)
 e - a ring of flight (right hand)
Scrolls
 d - a scroll of fog


   Skills:
 + Level 3.5 Fighting
 + Level 2.3 Polearms
 - Level 1.7 Armour
 - Level 0.8 Dodging
 + Level 3.2 Invocations


You had 2 spell levels left.
You didn't know any spells.
Your spell library contained the following spells:

 Spells                   Type           Power      Damage    Failure   Level
 Ozocubu's Armour         Ice            0%         N/A       78%         3
 Metabolic Englaciation   Hex/Ice        0%         N/A       100%        5
 Simulacrum               Ice/Necr       0%         N/A       100%        6


Dungeon Overview and Level Annotations

Branches:
Dungeon (2/15)

Altars:
Ru

Annotations:
D:2 Terence


Innate Abilities, Weirdness & Mutations

You are surrounded by a mild repulsion field. (EV +2)
You regenerate magic rapidly.


Message History

The kobold closely misses you.
You completely miss the kobold.
The kobold is moderately wounded.
The kobold hits you but does no damage.
You hit the kobold.
You kill the kobold!
Lugonu accepts your kill. Terence hits you but does no damage.
You barely miss Terence. Terence hits you with a +0 short sword.
You hit Terence but do no damage. Terence hits you with a +0 short sword.
You barely miss Terence. Terence hits you with a +0 short sword.
You aren't carrying any potions.
As you read the scroll of fog, it crumbles to dust.
The scroll dissolves into smoke.
Terence barely misses you.
You hit Terence but do no damage. Terence hits you with a +0 short sword.
You hit Terence but do no damage. Terence says, "Did you write a will?
You should..."
Terence misses you.
You hit Terence.
Terence is moderately wounded.
Terence hits you with a +0 short sword.
You hit Terence but do no damage.
Terence is moderately wounded.
Terence barely misses you.
You hit Terence but do no damage.
Terence is moderately wounded.
Terence hits you with a +0 short sword.
* * * LOW HITPOINT WARNING * * *
You hit Terence but do no damage.
Terence is moderately wounded.
Terence screams, "I want your blood!" Terence closely misses you.
You hit Terence.
Terence is moderately wounded.
Terence hits you with a +0 short sword.
* * * LOW HITPOINT WARNING * * *
You hit Terence.
Terence is moderately wounded.
Terence hits you with a +0 short sword.
You die...

.......# ### .......# #..
.......# #.. #.§...# #..
#### #§....# ### .....
#.§...## #
.....h###§§....##########
....hhh@@§§....+.........
.....§###§§....#########.
..... #§§§...# #. ....
#......# ###. ...
#......# #.'. ..
##......#### #.#. .
+........'..# #.#.
###......##.## #.##
#......##..# #.##


You could see Terence and a jackal.

Vanquished Creatures
  An adder (D:2)
  A dart slug (D:2)
  5 bats
  An endoplasm (D:2)
  A giant cockroach (D:1)
  2 hobgoblins (D:1)
  2 jackals (D:1)
  3 ball pythons
  A kobold (D:2)
  A rat (D:2)
18 creatures vanquished.

Notes
Turn   | Place    | Note
-------+----------+-------------------------------------------
     0 | Abyss:1  | meatgazer the Demonspawn Abyssal Knight began the quest for
                  | the Orb.
     0 | Abyss:1  | Reached XP level 1. HP: 18/18 MP: 2/2
    47 | Abyss:2  | Noticed a starcursed mass
    76 | Abyss:2  | Noticed a small abomination
   114 | D:1      | Escaped the Abyss
   661 | D:1      | Reached * piety under Lugonu
   799 | D:1      | Gained mutation: You are surrounded by a mild repulsion
                  | field. (EV +2) [demonic ancestry]
   799 | D:1      | Reached XP level 2. HP: 24/24 MP: 4/4
   963 | D:1      | Found a faded altar of an unknown god.
  1377 | D:2      | Found a sacrificial altar of Ru.
  1519 | D:2      | Gained mutation: You regenerate magic rapidly. [demonic
                  | ancestry]
  1519 | D:2      | Reached XP level 3. HP: 29/29 MP: 5/5
  1533 | D:2      | Noticed Terence
  1550 | D:2      | Slain by Terence

Illustrated notes

Levels and vault maps discovered:
D:1:      dpeg_arrival_tiny_d, layout_loops_ring,
          hellmonk_ecumenical_altar_leap_of_faith, moated_statue
D:2:      layout_basic, basic_altar, kennysheep_pointless_box, uniq_terence

Skill      XL: |  1  2 |
---------------+-------+-----
Polearms       | 2 |  2.3
Invocations    | 3 |  3.2
Fighting       | |  3.5
Armour         | |  1.7
Dodging        | |  0.8

Action                   || total
-------------------------++-------
Melee: Spear             ||    97
Invok: Depart the Abyss  ||     1
  Use: Potion            ||     2
       Scroll            ||     2
 Stab: Sleeping          ||     1
Armor: Leather armour    ||    37
Dodge: Dodged            ||    91

Table legend: (Time is in decaauts)
 A = Elapsed time spent in this place.
 B = Non-inter-level travel time spent in this place.
 C = Inter-level travel time spent in this place.
 D = Time resting spent in this place.
 E = Time spent auto-exploring this place.
 F = Levels seen in this place.
 G = Mean time per level.
                   A        B        C        D        E       F      G
               +--------+--------+--------+--------+--------+-----+--------+
         Total |   1548 |   1543 |      5 |    269 |   1016 |   4 |  387.0 |
       Dungeon |   1434 |   1429 |      5 |    269 |    976 |   2 |  717.0 |
         Abyss |    113 |    113 |      0 |      0 |     40 |   2 |   56.5 |
               +--------+--------+--------+--------+--------+-----+--------+

Top non-repeatable levels by time:
     D:1: 972 daAuts
     D:2: 462 daAuts
 Abyss:2: 98 daAuts
 Abyss:1: 15 daAuts
